 Dungeon Crawl Stone Soup version 0.15.0-31-geb66e34 (webtiles) character file.

327 Psiweapon the Ruinous (level 6, 0/32 HPs)
             Began as a Tengu Conjurer on Sept 12, 2014.
             Killed by divine providence
             ... invoked by an orc priest
              (13 damage)
             ... on Level 3 of the Dungeon.
             The game lasted 00:13:16 (3237 turns).

Psiweapon the Ruinous (Tengu Conjurer)              Turns: 3237, Time: 00:13:16

HP   0/32        AC  3     Str  9      XL: 6   Next: 50%
MP   1/12        EV 13     Int 17      God:
Gold 160         SH  0     Dex 14      Spells:  3 memorised,  1 level left

rFire  . . .     SeeInvis .     u - +2 dagger (venom)
rCold  . . .     Clarity  .     z - +0 leather armour
rNeg   . . .     rCorr    .     (no shield)
rPois  .         rRot     .     (helmet restricted)
rElec  .         Spirit   .     (no cloak)
SustAb .         Warding  .     (no gloves)
rMut   .         Stasis   .     (boots unavailable)
Gourm  .                        (no amulet)
MR     .....                    (no ring)
                                (no ring)

@: not resistant to hostile enchantments, unstealthy
A: able to fly, beak, talons 3
a: Fly


You were on level 3 of the Dungeon.
You were hungry.

You visited 1 branch of the dungeon, and saw 5 of its levels.

You collected 160 gold pieces.

Inventory:

Hand weapons
 i - a +0 club
 k - a +0 whip
 u - a +2 dagger of venom (weapon)
 x - a +0 blowgun
Missiles
 d - 23 arrows of frost
 f - 5 tomahawks (quivered)
 j - 21 bolts of frost
 D - 16 poisoned needles
Armour
 a - a +0 robe
 z - a +0 leather armour (worn)
Comestibles
 b - 2 bread rations
 l - a beef jerky
 p - a meat ration
 B - 2 chunks of worker ant flesh
 C - a chunk of quokka flesh
Scrolls
 e - a scroll of immolation
 g - a scroll of enchant weapon
 n - 2 scrolls of teleportation
 r - a scroll of enchant armour {unknown}
 s - a scroll of fog {unknown}
 v - 2 scrolls of random uselessness {unknown}
 y - a scroll of recharging {unknown}
 A - 2 scrolls of fear {unknown}
 E - 2 scrolls of identify
Jewellery
 t - a -3 ring of dexterity
Potions
 m - 2 potions of curing
 o - a potion of agility {unknown}
 q - a potion of brilliance {unknown}
 w - a potion of poison {unknown}
Books
 c - a book of Conjurations

   Spells                             Type                      Level
   *Magic Dart                        Conjuration                  1
   *Searing Ray                       Conjuration                  2
   Dazzling Spray                     Conjuration/Hexes            3
   Fulminant Prism                    Conjuration/Hexes            4
   Iskenderun's Mystic Blast          Conjuration                  4
   *Iskenderun's Battlesphere         Conjuration/Charms           5
 h - a book of Geomancy

   Spells                             Type                      Level
   Sandblast                          Earth                        1
   Stoneskin                          Transmutation/Earth          2
   Passwall                           Transmutation/Earth          3
   Stone Arrow                        Conjuration/Earth            3
   Petrify                            Transmutation/Earth          4
   Lee's Rapid Deconstruction         Earth                        5


   Skills:
 + Level 5.4 Dodging
 - Level 2.0 Stealth
 - Level 2.0 Spellcasting
 + Level 7.9 Conjurations


You had one spell level left.
You knew the following spells:

 Your Spells              Type           Power        Failure   Level  Hunger
a - Magic Dart            Conj           ####         1%          1    #......
b - Searing Ray           Conj           ####..       1%          2    ###....
c - Iskenderun's Battles  Conj/Chrm      ###.....     95%         5    ######.


Dungeon Overview and Level Annotations

Branches:
Dungeon (5/15)
 Temple: D:4-7

Altars:
Ashenzari
Elyvilon
Fedhas


Innate Abilities, Weirdness & Mutations

You can fly.
You have a beak for a mouth.
You have claws for feet.


Message History

Something smites you!
* * * LOW HITPOINT WARNING * * *
The searing ray misses the orc priest.
Casting: Searing Ray
Confirm with . or Enter, or press ? or * to list all spells.
Aiming: Magic Dart
Press: ? - help, Shift-Dir - straight line, f/p - orc priest
Aim: an orc priest, wielding a club and wearing a leather armour (lightly wounded)
Okay, then.
You hit the orc priest but do no damage.
The orc priest is poisoned.
You claw the orc priest!
You peck the orc priest, but do no damage.
The orc priest is heavily wounded.
The orc priest hits you with a club.
* * * LOW HITPOINT WARNING * * *
Drink which item? (? for menu, Esc to quit)
You feel better.
The orc priest mumbles some strange prayers to Beogh against you.
Something smites you!
You die...

##..#..)#........#......#
#.........#....####.....#
#..............###.......
#...)o.....o..........###
#.....o.###..####....## #
#..#...## #...##...######
#.##.### #...##......#..
#.##.######..###...##.#.#
........@o...............
#..#########.............
## ##..####...... ...#
#...... ....######## ...#
.#


You could see an orc priest.

Vanquished Creatures
  A necrophage (D:3)
  An ogre (D:3)
  An orc priest (D:3)
  A worker ant (D:4)
  2 adders
  A shadow imp (D:3)
  A worm (D:3)
  2 giant geckos
  6 orcs
  3 bats
  A giant cockroach (D:1)
  6 goblins
  9 hobgoblins
  2 jackals (D:2)
  7 kobolds
  2 quokkas
  3 giant newts
  7 rats
56 creatures vanquished.

Notes
Turn   | Place    | Note
--------------------------------------------------------------
     0 | D:1      | Psiweapon, the Tengu Conjurer, began the quest for the Orb.
     0 | D:1      | Reached XP level 1. HP: 10/10 MP: 3/3
   276 | D:1      | Reached XP level 2. HP: 9/15 MP: 0/5
  1356 | D:2      | Reached XP level 3. HP: 19/19 MP: 1/7
  1587 | D:2      | Learned a level 2 spell: Searing Ray
  1738 | D:2      | Reached skill level 6 in Conjurations
  2487 | D:3      | Reached XP level 4. HP: 24/24 MP: 2/8
  2554 | D:3      | Noticed an ogre
  2642 | D:2      | Found a white marble altar of Elyvilon.
  2700 | D:3      | Found a shattered altar of Ashenzari.
  2746 | D:3      | Noticed a necrophage
  2752 | D:3      | Killed an ogre
  2752 | D:3      | Reached skill level 7 in Conjurations
  2752 | D:3      | Reached XP level 5. HP: 28/28 MP: 2/11
  2854 | D:3      | Killed a necrophage
  2854 | D:3      | Reached skill level 5 in Dodging
  2854 | D:3      | Reached XP level 6. HP: 21/32 MP: 4/12
  2964 | D:4      | Found a blossoming altar of Fedhas.
  3019 | D:5      | Entered Level 5 of the Dungeon
  3132 | D:3      | Learned a level 5 spell: Iskenderun's Battlesphere
  3237 | D:3      | Killed from afar by an orc priest

Action                   |  1- 3 |  4- 6 || total
-------------------------+-------+-------++-------
Melee: Unarmed           |     3 |       ||     3
       Whip              |     7 |       ||     7
       Dagger            |    20 |    12 ||    32
Throw: Tomahawk          |       |     2 ||     2
 Cast: Magic Dart        |    49 |    34 ||    83
       Searing Ray       |     1 |     6 ||     7
  Use: Scroll            |     5 |       ||     5
       Potion            |       |     1 ||     1
  Eat: Chunk             |     5 |     3 ||     8
